 Dungeon Crawl Stone Soup version 0.21-a0-351-g38363bb (webtiles) character file.

169 nikopol the Chopper (level 5, -8/47 HPs)
             Began as a Hill Orc Fighter on Oct 9, 2017.
             Mangled by nikopol's ghost (12 damage)
             ... on level 3 of the Dungeon.
             The game lasted 00:03:32 (3024 turns).

nikopol the Chopper (Hill Orc Fighter)              Turns: 3024, Time: 00:03:32

Health: -8/47      AC:  8    Str: 25    XL:     5   Next: 50%
Magic:  5/5        EV:  7    Int:  8    God:
Gold:   164        SH: 10    Dex: 10    Spells: 4/4 levels left

rFire    . . .     SeeInvis .   a - +0 war axe
rCold    . . .     Gourm    .   c - +0 shield
rNeg     . . .     Faith    .   b - +0 scale mail
rPois    .         Spirit   .   (no helmet)
rElec    .         Reflect  .   s - +0 cloak
rCorr    .         Harm     .   (no gloves)
MR       .....                  (no boots)
Stlth    ..........             (no amulet)
HPRegen  0.15/turn              (no ring)
MPRegen  0.09/turn              (no ring)

@: mighty
A: no striking features
a: no special abilities


You were on level 3 of the Dungeon.
You were not hungry.

You visited 1 branch of the dungeon, and saw 3 of its levels.

You collected 164 gold pieces.

Inventory:

Hand Weapons
 a - a +0 war axe (weapon)
Armour
 b - a +0 scale mail (worn)
 c - a +0 shield (worn)
 s - a +0 cloak (worn)
Jewellery
 k - an uncursed ring of wizardry {unknown}
 r - an uncursed ring of see invisible {unknown}
Scrolls
 e - 2 scrolls of recharging {unknown}
 f - a scroll of amnesia {unknown}
 g - a scroll of identify {unknown}
 i - a scroll of fear {unknown}
 j - 2 scrolls of remove curse {unknown}
 p - a scroll of teleportation {unknown}
Potions
 d - a potion of might
 l - a potion of haste {unknown}
 m - a potion of agility {unknown}
 n - 3 potions of curing
 q - a potion of flight {unknown}
Comestibles
 h - 3 royal jellies
 o - a meat ration
 t - a chunk of flesh
 u - a bread ration


   Skills:
 + Level 4.3 Fighting
 + Level 5.0 Axes
 + Level 4.3 Armour
 + Level 0.4 Dodging
 + Level 3.9 Shields


You had 4 spell levels left.
You didn't know any spells.

Dungeon Overview and Level Annotations

Branches:
Dungeon (3/15)

Altars:
Ashenzari
Dithmenos
Elyvilon
Ru
Trog
Xom

Annotations:
D:3 nikopol's ghost, amateur HOFi


Message History

You barely miss nikopol's ghost. You block nikopol's ghost's attack.
Nikopol's ghost hits you!
You barely miss nikopol's ghost. Nikopol's ghost hits you!
You hit nikopol's ghost.
Nikopol's ghost is lightly damaged.
Nikopol's ghost hits you. You block nikopol's ghost's attack.
You hit nikopol's ghost but do no damage.
Nikopol's ghost is lightly damaged.
You block nikopol's ghost's attack.
You slash nikopol's ghost!
Nikopol's ghost is moderately damaged.
Nikopol's ghost hits you!
* * * LOW HITPOINT WARNING * * *
You slash nikopol's ghost!
Nikopol's ghost is severely damaged.
Nikopol's ghost screams, "You will never get the ORB!"
Nikopol's ghost hits you.
* * * LOW HITPOINT WARNING * * *
Nikopol's ghost hits you!
You die...

.# #. .. ###. #.
#.. #.#####.#
#....@#.#
.#.....W.#
#.........#
####....#.#######
.......')....!..
###....#.#######
#....#.# ######.#
#.########


You could see nikopol's ghost.

Vanquished Creatures
  Crazy Yiuf (D:2)
  Natasha (thrice) (D:2)
  An adder (D:2)
  3 oozes
  A dart slug (D:1)
  A leopard gecko (D:2)
  A ball python (D:1)
  2 giant cockroaches
  4 goblins
  5 hobgoblins
  6 jackals (D:2)
  4 bats
  3 frilled lizards
  5 kobolds
  5 rats
45 creatures vanquished.

Notes
Turn   | Place    | Note
-------+----------+-------------------------------------------
     0 | D:1      | nikopol the Hill Orc Fighter began the quest for the Orb.
     0 | D:1      | Reached XP level 1. HP: 19/19 MP: 1/1
   213 | D:1      | Reached XP level 2. HP: 27/27 MP: 2/2
   452 | D:1      | Reached skill level 3 in Axes
   720 | D:1      | Reached XP level 3. HP: 31/33 MP: 3/3
  1092 | D:2      | Noticed Natasha
  1095 | D:2      | Killed Natasha
  1152 | D:2      | Reached XP level 4. HP: 39/40 MP: 4/4
  1160 | D:2      | Reached skill level 4 in Axes
  1249 | D:2      | Noticed Natasha
  1264 | D:2      | Killed Natasha
  1508 | D:2      | Found a runed door.
  1657 | D:2      | Found a shimmering altar of Xom.
  1657 | D:2      | Found a shattered altar of Ashenzari.
  1657 | D:2      | Found a sacrificial altar of Ru.
  1657 | D:2      | Found a bloodstained altar of Trog.
  1659 | D:2      | Found a white marble altar of Elyvilon.
  1659 | D:2      | Found a shadowy altar of Dithmenos.
  1887 | D:2      | Noticed Natasha
  1905 | D:2      | Killed Natasha
  1905 | D:2      | Reached XP level 5. HP: 9/46 MP: 5/5
  2342 | D:2      | Noticed Crazy Yiuf
  2355 | D:2      | Killed Crazy Yiuf
  2355 | D:2      | Reached skill level 5 in Axes
  2604 | D:3      | Noticed nikopol's ghost (amateur HOFi)
  3024 | D:3      | Mangled by nikopol's ghost

Vault maps used:
D:1:      nicolae_arrival_washed_ashore
D:2:      grunt_temple_overflow_open, uniq_natasha, uniq_crazy_yiuf_cottage
D:3:      grunt_temple_overflow_magic_moments, first_bread

Skill      XL: |  1  2  3  4  5 |
---------------+----------------+-----
Axes           | 3 4 5 |  5.0
Fighting       | 4 |  4.3
Armour         | 4 |  4.3
Dodging        | |  0.4
Shields        | |  3.9

Action                   |  1- 3 |  4- 6 || total
-------------------------+-------+-------++-------
Melee: War axe           |    53 |   107 ||   160
  Use: Potion            |       |     1 ||     1
  Eat: Chunk             |     1 |     2 ||     3
       Bread ration      |       |     1 ||     1
Armor: Scale mail        |    22 |    36 ||    58
Dodge: Dodged            |    13 |    29 ||    42
Block: Shield            |    21 |    56 ||    77

Table legend:
 A = Spawn XP
 B = Non-spawn XP
 C = Spawn XP percentage of total XP
 D = Spawn monster count
 E = Non-spawn monster count
 F = Spawn count percentage of total count
 G = Total turns spent on level
                    A         B        C        D         E        F      G
               +---------+---------+-------+---------+---------+-------+---------
         Total |       0 |     242 |   0.0 |       0 |      45 |   0.0 |  3024
               +---------+---------+-------+---------+---------+-------+---------
           D:1 |       0 |      36 |   0.0 |       0 |      19 |   0.0 |  1012
           D:2 |       0 |     202 |   0.0 |       0 |      24 |   0.0 |  1886
           D:3 |       0 |       4 |   0.0 |       0 |       2 |   0.0 |   126
               +---------+---------+-------+---------+---------+-------+---------
